Map: Blueshift LE

Players

Lambo - Winner!

  • Race: Zerg Zerg
  • League: Grandmaster
  • Spawn Location: 1:00

Krystianer

  • Race: Protoss Protoss
  • League: Grandmaster
  • Spawn Location: 7:00

VOD

Have the link to the VOD?

Description

Time

  • Played on: Dec. 16, 2018, 11:11 a.m.
  • Length: 8:35
Show
View Real Time Build Order
Export as new Build Order

Lambo Zerg - Winner!

Build Orders: Hatch First 

Get SALT Encoding   

  12  0:00  Drone  
  13  0:12  Overlord  
  13  0:17  Drone  
  14  0:30  Drone x2  
  16  0:48  Hatchery  
  15  0:51  Drone  
  15  0:55  Drone  
  17  0:58  Drone  
  18  1:09  Extractor  
  17  1:13  Spawning Pool  
  17  1:16  Drone  
  17  1:19  Drone  
  18  1:27  Drone  
  19  1:39  Drone  
  20  1:52  Overlord  
  20  1:59  Queen  
  20  2:00  Queen, Zergling x4  
  26  2:09  Metabolic Boost  
  26  2:11  Drone x2  
  28  2:22  Drone x2  
  30  2:36  Hatchery  
  29  2:37  Drone  
  29  2:40  Drone  
  31  2:44  Drone  
  31  2:50  Overlord  
  32  2:55  Queen  
  32  2:56  Drone  
  35  3:05  Drone  
  36  3:10  Drone x2  
  38  3:13  Drone  
  38  3:18  Drone  
  38  3:19  Drone  
  40  3:20  Overlord  
  40  3:22  Drone  
  40  3:25  Drone  
  42  3:30  Drone  
  43  3:36  Spore Crawler  
  43  3:38  Queen  
  43  3:39  Drone x2  
  43  3:40  Drone  
  47  3:41  Lair  
  47  3:46  Drone x3  
  47  3:48  Drone  
  51  3:54  Drone x2  
  53  3:56  Extractor  
  53  3:58  Roach Warren, Extractor  
  53  3:59  Drone x2  
  52  4:03  Drone x2  
  52  4:07  Overlord  
  52  4:09  Drone  
  55  4:13  Drone x2  
  57  4:18  Overlord  
  57  4:25  Queen  
  57  4:28  Zergling x6  
  62  4:36  Overlord  
  70  4:38  Roach x4  
  70  4:39  Overseer  
  70  4:55  Roach x2  
  70  4:56  Drone x3  
  70  4:57  Overlord  
  76  5:03  Drone x2  
  76  5:06  Drone x2  
  80  5:08  Glial Reconstitution, Drone  
  80  5:10  Extractor  
  80  5:12  Evolution Chamber  
  79  5:14  Roach  
  79  5:17  Overseer  
  79  5:19  Overlord  
  79  5:21  Overlord  
  81  5:22  Roach x3  
  81  5:27  Overseer  
  87  5:29  Roach  
  87  5:32  Overlord  
  89  5:38  Zerg Missile Weapons Level 1  
  89  5:39  Overlord  
  89  5:55  Roach x2  
  89  5:56  Roach x2  
  89  5:57  Roach x3  
  101  5:59  Overlord  
  101  6:07  Roach x5  
  101  6:08  Overlord x2  
  101  6:09  Overlord  
  111  6:14  Overlord  
  111  6:18  Roach x3  
  117  6:22  Overlord  
  115  6:25  Roach  
  115  6:26  Roach x2  
  115  6:32  Overlord  
  119  6:38  Overlord  
  119  6:39  Roach x4  
  129  6:40  Roach  
  129  6:45  Overlord  
  129  6:46  Roach x3  
  135  6:47  Overlord  
  135  6:49  Ravager  
  135  6:50  Ravager  
  135  6:53  Roach  
  135  6:54  Roach x2  
  142  6:58  Roach  
  144  7:02  Roach  
  144  7:07  Roach x4  
  154  7:11  Overlord  
  154  7:12  Overlord  
  154  7:13  Zergling x10  
  154  7:15  Ravager  
  160  7:20  Overseer  
  160  7:21  Roach  
  162  7:26  Roach x2  
  166  7:30  Roach  
  174  7:37  Roach x6  
  174  7:39  Overlord  
  174  7:41  Roach, Overlord  
  174  7:42  Roach, Zergling x2  
  181  7:52  Roach  
  181  7:53  Roach x2  
  185  7:59  Roach x2  
  185  8:04  Roach x4  
  197  8:08  Overlord  
  195  8:13  Roach x3  
Show
View Real Time Build Order
Export as new Build Order

Krystianer Protoss 

Build Orders: 1 Gate Expand, Zealot Archon, Archon Drop, Dark Templar Rush 

Get SALT Encoding   

  12  0:00  Probe  
  13  0:12  Probe  
  14  0:17  Pylon  
  14  0:23  Probe  
  15  0:32  Probe  
  15  0:38  Gateway  
  15  0:40  Probe  
  16  0:48  Assimilator  
  17  0:51  Probe  
  18  1:03  Probe  
  19  1:15  Probe  
  20  1:25  Nexus  
  20  1:35  Cybernetics Core  
  20  1:40  Assimilator  
  20  1:44  Probe  
  21  1:52  Pylon  
  21  1:56  Probe  
  22  2:02  Adept  
  22  2:08  Probe  
  25  2:16  Twilight Council  
  25  2:19  Warp Gate  
  25  2:23  Probe  
  26  2:31  Stalker  
  26  2:33  Probe  
  26  2:35  Probe  
  29  2:41  Probe  
  29  2:43  Probe  
  30  2:50  Probe  
  32  2:53  Probe  
  34  3:02  Probe  
  36  3:05  Probe  
  36  3:09  Robotics Facility  
  36  3:14  Probe  
  36  3:17  Probe  
  38  3:26  Probe  
  39  3:27  Probe  
  39  3:28  Dark Shrine  
  39  3:29  Gateway  
  40  3:35  Probe  
  40  3:37  Pylon  
  40  3:38  Probe  
  42  3:43  Warp Prism  
  42  3:46  Gateway  
  42  3:49  Gateway  
  42  3:59  Assimilator  
  42  4:01  Assimilator  
  44  4:04  Probe x2  
  46  4:11  Warp Prism  
  46  4:13  Pylon  
  46  4:18  Probe  
  46  4:19  Probe  
  46  4:23  Pylon  
  50  4:47  Dark Templar x4  
  50  4:50  Dark Templar  
  50  4:51  Dark Templar x3  
  58  5:05  Gateway x2  
  58  5:08  Gateway  
  58  5:09  Gateway  
  58  5:24  Dark Templar x4  
  58  5:27  Pylon  
  66  5:29  Archon x2  
  66  5:35  Charge  
  66  5:43  Archon  
  66  5:45  Archon  
  66  5:48  Immortal  
  66  5:52  Nexus  
  66  5:54  Pylon  
  66  5:59  Probe  
  71  6:08  Probe, Templar Archives  
  72  6:14  Zealot x2  
  72  6:15  Sentry  
  72  6:17  Immortal  
  82  6:35  Pylon  
  82  6:36  Zealot, Pylon  
  82  6:37  Sentry  
  86  6:43  Pylon  
  86  6:46  Pylon  
  85  6:56  High Templar  
  85  6:57  High Templar, Zealot x2  
  85  7:00  Stalker  
  95  7:03  Pylon  
  95  7:04  Archon  
  95  7:13  Zealot x2  
  99  7:19  Zealot  
  99  7:20  Zealot  
  103  7:28  Sentry  
  103  7:29  Sentry x2, Zealot  
  111  7:33  Zealot  
  111  7:34  Zealot  
  113  7:59  Zealot x7  
  113  8:00  Zealot  
  95  8:22  Zealot  
  95  8:23  Zealot x3  
  66  8:29  Zealot  
Tags
 
Add a new tag
Caveats
  • Supply blocks, unpowered buildings, or Contaminate may cause inaccurate times.
  • Supply counts are checked every 10 seconds.